 Dungeon Crawl Stone Soup version 0.29-a0-72-g1732ff48e7 (webtiles) character file.

Game seed: 1599610516901977833

95 siradein the Skirmisher (level 4, 0/40 HPs)
             Began as a Ghoul Fighter on Feb 4, 2022.
             Slain by a water moccasin (7 damage)
             ... on level 6 of the Dungeon.
             The game lasted 00:04:08 (1711 turns).

siradein the Skirmisher (Ghoul Fighter)             Turns: 1711, Time: 00:04:09

Health: 0/40       AC:  5    Str: 19    XL:     4   Next: 66%
Magic:  3/3        EV: 10    Int:  3    God:
Gold:   92         SH:  4    Dex: 10    Spells: 3/3 levels left

rFire   + . .      SeeInvis .   a - +0 long sword
rCold   + + .      Faith    .   c - +0 buckler
rNeg    + + +      Spirit   .   n - +1 leather armour {rF+}
rPois   ∞          Reflect  .   (no helmet)
rElec   .          Harm     .   (no cloak)
rCorr   .          Rampage  .   m - +0 pair of gloves
Will    .....                   (no boots)
Stlth   +.........              (no amulet)
HPRegen 0.00/turn               k - ring of protection from cold
MPRegen 0.08/turn               (no ring)

@: inhibited regen
A: claws 1, cold resistance 1, negative energy resistance 3, inhibited
regeneration, torment resistance 2
a: no special abilities


You were on level 6 of the Dungeon.
You visited 1 branch of the dungeon, and saw 4 of its levels.

You collected 92 gold pieces.

Inventory:

Hand Weapons
 a - a +0 long sword (weapon)
Missiles
 e - 3 poisoned darts (quivered)
 g - 3 datura-tipped darts
Armour
 c - a +0 buckler (worn)
 m - a +0 pair of gloves (worn)
 n - a +1 leather armour of fire resistance (worn)
Jewellery
 k - a ring of protection from cold (left hand)
Scrolls
 b - a scroll of fear {unknown}
 h - a scroll of noise {unknown}
 l - a scroll of identify {unknown}
Potions
 d - 2 potions of might
 f - a potion of ambrosia {unknown}
 i - 2 potions of curing {unknown}
 j - 3 potions of heal wounds {unknown}
 o - a potion of haste {unknown}


   Skills:
 + Level 4.1 Fighting
 + Level 2.6 Long Blades
 + Level 3.2 Armour
 + Level 3.3 Shields


You had 3 spell levels left.
You didn't know any spells.
Your spell library was empty.

Dungeon Overview and Level Annotations

Branches:
Dungeon (3/15)

Altars:
Qazlal
Ru


Innate Abilities, Weirdness & Mutations

You thrive by killing the living.
You are immune to poison.
You have sharp fingernails.
Your flesh is cold resistant. (rC+)
You are immune to negative energy. (rN+++)
You do not regenerate when monsters are visible.
You are immune to unholy pain and torment.


Message History

You miss the water moccasin.
The water moccasin is moderately wounded.
The water moccasin bites you! The water moccasin misses you.
You closely miss the water moccasin.
The water moccasin is moderately wounded.
The water moccasin completely misses you. x2
You barely miss the water moccasin.
The water moccasin is moderately wounded.
The water moccasin bites you. x2
* * * LOW HITPOINT WARNING * * *
You are too injured to fight recklessly!
You closely miss the water moccasin.
The water moccasin is moderately wounded.
The water moccasin bites you but does no damage.
The water moccasin closely misses you.
You hit the water moccasin but do no damage.
The water moccasin is moderately wounded.
The water moccasin bites you but does no damage.
You closely miss the water moccasin.
The water moccasin is moderately wounded.
The water moccasin bites you.
* * * LOW HITPOINT WARNING * * *
The water moccasin bites you but does no damage.
You barely miss the water moccasin.
The water moccasin is moderately wounded.
The water moccasin bites you but does no damage.
The water moccasin bites you.
* * * LOW HITPOINT WARNING * * *
You closely miss the water moccasin.
The water moccasin is moderately wounded.
The water moccasin bites you.
* * * LOW HITPOINT WARNING * * *
You block the water moccasin's attack.
You hit the water moccasin.
The water moccasin is heavily wounded.
The water moccasin closely misses you.
You slash the water moccasin!
The water moccasin is severely wounded.
The water moccasin bites you!
You die...

######
####..?.#
#....@..#
#...S...#
#.......#
##......#
#####+##


You could see a water moccasin.

Vanquished Creatures
  3 adders (D:3)
  A worm (D:3)
  2 dart slugs
  5 orcs (D:3)
  3 bats
  6 endoplasms
  2 giant cockroaches
  2 goblins
  5 hobgoblins
  3 jackals (D:2)
  A quokka (D:2)
  6 ball pythons
  2 frilled lizards
  5 kobolds
  8 rats
54 creatures vanquished.

Notes
Turn   | Place    | Note
-------+----------+-------------------------------------------
     0 | D:1      | siradein the Ghoul Fighter began the quest for the Orb.
     0 | D:1      | Reached XP level 1. HP: 19/19 MP: 0/0
   149 | D:1      | Found a faded altar of an unknown god.
   159 | D:1      | Reached XP level 2. HP: 26/26 MP: 1/1
   526 | D:1      | Reached XP level 3. HP: 31/31 MP: 2/2
  1266 | D:3      | Reached XP level 4. HP: 33/40 MP: 3/3
  1359 | D:3      | Reached skill level 4 in Fighting
  1405 | D:3      | Found a stormy altar of Qazlal.
  1477 | D:3      | Found a sacrificial altar of Ru.
  1698 | D:3      | You fall into a shaft and drop 3 floors!
  1698 | D:6      | Noticed a water moccasin
  1711 | D:6      | Slain by a water moccasin

Illustrated notes

Levels and vault maps discovered:
D:1:      dpeg_arrival_short_road, layout_basic, shapermc_ecumenical_altar_venn
D:2:      layout_basic
D:3:      layout_rooms, nicolae_qazlal_eye_of_the_storm,
          mainiacjoe_overflow_brackets, uniq_natasha
D:6:      layout_gridville, minmay_temple_entry_arrows,
          minmay_shop_enchanted_jewellery

Skill      XL: |  1  2  3  4 |
---------------+-------------+-----
Long Blades    | 2 |  2.6
Armour         | 3 |  3.2
Shields        | 3 |  3.3
Fighting       | 4 |  4.1

Action                   |  1- 3 |  4- 6 || total
-------------------------+-------+-------++-------
Melee: Long sword        |   121 |    53 ||   174
Armor: Chain mail        |    47 |       ||    47
       Scale mail        |     2 |       ||     2
       Leather armour    |     4 |    14 ||    18
Dodge: Dodged            |    53 |    19 ||    72
Block: Buckler           |    25 |    10 ||    35

Table legend: (Time is in decaauts)
 A = Elapsed time spent in this place.
 B = Non-inter-level travel time spent in this place.
 C = Inter-level travel time spent in this place.
 D = Time resting spent in this place.
 E = Time spent auto-exploring this place.
 F = Levels seen in this place.
 G = Mean time per level.
                   A        B        C        D        E       F      G
               +--------+--------+--------+--------+--------+-----+--------+
         Total |   1765 |   1741 |     24 |      0 |   1239 |   4 |  441.2 |
       Dungeon |   1765 |   1741 |     24 |      0 |   1239 |   4 |  441.2 |
               +--------+--------+--------+--------+--------+-----+--------+

Top non-repeatable levels by time:
     D:1: 692 daAuts
     D:2: 579 daAuts
     D:3: 477 daAuts
     D:6: 16 daAuts
